 Dungeon Crawl Stone Soup version 0.30.1-11-g7821555f0a (webtiles) character file.

Game seed: 5571562892802730814

1986 Gabide the God-Hated (level 9, -9/62 HPs)
             Began as a Barachi Hunter on Nov 12, 2023.
             Killed from afar by a steam dragon (10 damage)
             ... with a ball of steam
             ... on level 7 of the Dungeon.
             The game lasted 00:15:09 (7707 turns).

Gabide the God-Hated (Barachi Hunter)               Turns: 7707, Time: 00:15:10

Health: -9/62      AC:  4    Str: 12    XL:     9   Next: 21%
Magic:  15/15      EV: 12    Int: 11    God:
Gold:   698        SH:  0    Dex: 19    Spells: 8/8 levels left

rFire   . . .        b - +2 spear (venom)
rCold   . . .        (no shield)
rNeg    . . .        c - +0 leather armour
rPois   .            (no helmet)
rElec   .            (no cloak)
rCorr   +            u - +0 pair of gloves
SInv    .            (no boots)
Will    +....        (no amulet)
Stlth   ++           f - ring of willpower
HPRegen 0.30/turn    q - ring of resist corrosion
MPRegen 0.14/turn

%: no passive effects
@: slow
A: amphibious, slowness 1, strong legs 1, +LOS
a: Hop


You were on level 7 of the Dungeon.
You visited 1 branch of the dungeon, and saw 7 of its levels.

You collected 698 gold pieces.

Inventory:

Hand Weapons
 a - a +0 shortbow
 b - a +2 spear of venom (weapon)
Armour
 c - a +0 leather armour (worn)
 d - a scarf of shadows
 k - a +2 scale mail of cold resistance
 u - a +0 pair of gloves (worn)
Jewellery
 f - a ring of willpower (left hand)
 q - a ring of resist corrosion (right hand)
 t - an amulet of faith
Scrolls
 g - a scroll of fear {unknown}
 l - 2 scrolls of teleportation
Potions
 e - 4 potions of flight
 i - a potion of ambrosia {unknown}
 j - 3 potions of haste {unknown}
 n - a potion of mutation {unknown}
 o - a potion of might {unknown}
 p - a potion of lignification {unknown}
 r - 2 potions of brilliance {unknown}
 s - a potion of attraction {unknown}


   Skills:
 - Level 2.4 Fighting
 + Level 7.5 Ranged Weapons
 - Level 2.1 Dodging
 - Level 0.8 Stealth
 - Level 9.1 Invocations


You had 8 spell levels left.
You didn't know any spells.
Your spell library contained the following spells:

 Spells                   Type           Power      Damage    Failure   Level
 Sandblast                Erth           0%         2d4       41%         1
 Passwall                 Tmut/Erth      0%         N/A       56%         2
 Dazzling Flash           Conj/Hex       0%         N/A       80%         3
 Inner Flame              Hex/Fire       0%         N/A       80%         3
 Stone Arrow              Conj/Erth      0%         3d7       80%         3
 Volatile Blastmotes      Fire/Tloc      0%         2d10      80%         3
 Iskenderun's Mystic Bla  Conj/Tloc      0%         2d3       99%         4
 Leda's Liquefaction      Hex/Erth       0%         N/A       99%         4
 Lee's Rapid Deconstruct  Erth           0%         3d4*      100%        5
 Yara's Violent Unravell  Hex/Tmut       0%         3d3       100%        5
 Starburst                Conj/Fire      0%         6d3       100%        6
 Statue Form              Tmut/Erth      0%         N/A       100%        6
 Enfeeble                 Hex            0%         N/A       100%        7


Dungeon Overview and Level Annotations

Branches:
Dungeon (7/15)             Temple (0/1) D:4

Altars:
Ashenzari
Nemelex Xobeh
Trog
Uskayaw
Wu Jian
Yredelemnul
Zin
The Shining One

Shops:
D:3 *

Annotations:
D:6 Grinder


Innate Abilities, Weirdness & Mutations

You are amphibious.
You cover ground slowly.
You can hop short distances.
You have an extended range of vision and can be seen from far away.


Message History

The arrow closely misses the steam dragon.
The steam dragon misses you. The steam dragon claws you.
You feel better. The steam dragon bites you. The steam dragon claws you.
* * * LOW HITPOINT WARNING * * *
You aren't carrying any items that you can evoke.
Fire: a) +0 shortbow
Press: ? - help, Q - select action, (/) - cycle Shift-Dir - straight line, f/p - steam dragon
Aim: a steam dragon (severely wounded, 65% to hit)
Okay, then.
Unknown command.
Unknown command.
You feel better. The steam dragon bites you!
The steam dragon claws you but does no damage.
Your +2 spear of venom begins to drip with poison!
b - a +2 spear of venom (weapon)
The steam dragon bites you but does no damage.
The steam dragon claws you but does no damage.
You hit the steam dragon.
The steam dragon is poisoned.
The steam dragon is severely wounded.
The steam dragon barely misses you. The steam dragon completely misses you.
You hit the steam dragon.
The steam dragon is severely wounded.
The steam dragon barely misses you. The steam dragon claws you.
* * * LOW HITPOINT WARNING * * *
You closely miss the steam dragon.
The steam dragon is severely wounded.
The steam dragon breathes steam at you. The ball of steam hits you!
* * * LOW HITPOINT WARNING * * *
The steam dragon barely misses you. x2
You feel better. The steam dragon bites you!
* * * LOW HITPOINT WARNING * * *
The steam dragon claws you.
* * * LOW HITPOINT WARNING * * *
An orc comes into view. It is wielding a +0 club.
You closely miss the steam dragon.
The steam dragon is almost dead.
The steam dragon breathes steam at you. The ball of steam hits you!
You die...

........... ..#
#######....#.##..# . .
..##.#...#.#.....#..
..######.##.#<............
.........##.##.##.#.##..#.
.........##.##.##.#.......
..........................
=........##.##.##.#.##.#...
..........@.§..............
..o.......§D...............
...#.#####..#...#.#........
......../...#...#.#........
.#.#.#......#...#.#.##.#...
#. #............#.# .##.. #
#............#.# # .
#............#.#
#.###........#.#


You could see a steam dragon (very poisoned, catching breath) and an orc.

Vanquished Creatures
  2 water moccasins
  A black bear (D:4)
  3 ice beasts
  2 sky beasts
  An orc warrior (D:6)
  An ogre (D:5)
  A phantom (D:4)
  A gnoll sergeant (D:6)
  2 scorpions (D:6)
  A howler monkey (D:5)
  5 jellies
  4 hounds (D:5)
  An orc priest (D:6)
  A sleepcap (D:7)
  6 iguanas
  2 orc wizards (D:5)
  4 gnolls
  5 adders
  2 white imps
  2 ufetubi (D:5)
  3 worms
  4 dart slugs
  17 orcs
  10 ball pythons
  10 bats
  3 endoplasms
  3 giant cockroaches
  8 hobgoblins
  8 jackals (D:1)
  3 quokkas
  3 frilled lizards
  3 goblins
  7 kobolds
  7 rats
136 creatures vanquished.

Notes
Turn   | Place    | Note
-------+----------+-------------------------------------------
     0 | D:1      | Gabide the Barachi Hunter began the quest for the Orb.
     0 | D:1      | Reached XP level 1. HP: 17/17 MP: 1/1
   172 | D:1      | Reached skill level 1 in Invocations
   189 | D:1      | Reached XP level 2. HP: 23/23 MP: 1/3
   226 | D:1      | Reached skill level 2 in Invocations
   342 | D:1      | Reached XP level 3. HP: 28/28 MP: 4/4
   716 | D:1      | Reached skill level 3 in Invocations
  1061 | D:2      | Reached XP level 4. HP: 34/34 MP: 6/6
  1883 | D:3      | Found a faded altar of an unknown god.
  2026 | D:3      | Found a glowing golden altar of the Shining One.
  2056 | D:3      | Reached skill level 4 in Invocations
  2056 | D:3      | Reached XP level 5. HP: 35/39 MP: 6/8
  2174 | D:3      | Found a glowing silver altar of Zin.
  2537 | D:3      | Found Nonwid's Assorted Antiques.
  2644 | D:4      | Noticed a phantom
  2654 | D:4      | Killed a phantom
  2726 | D:4      | Reached XP level 6. HP: 26/46 MP: 9/9
  2833 | D:4      | Reached skill level 5 in Invocations
  2859 | D:4      | Noticed a black bear
  3176 | D:4      | Found a staircase to the Ecumenical Temple.
  3454 | D:4      | Killed a black bear
  3602 | D:5      | Entered Level 5 of the Dungeon
  3745 | D:5      | Found an ornate altar of the Wu Jian Council.
  3754 | D:5      | Found a sparkling altar of Nemelex Xobeh.
  3757 | D:5      | Found a basalt altar of Yredelemnul.
  3757 | D:5      | Found a bloodstained altar of Trog.
  3764 | D:5      | Found a hide-covered altar of Uskayaw.
  3873 | D:5      | Reached skill level 5 in Ranged Weapons
  3873 | D:5      | Reached XP level 7. HP: 12/51 MP: 11/11
  4366 | D:5      | Reached skill level 6 in Invocations
  4736 | D:5      | Reached XP level 8. HP: 51/57 MP: 13/13
  4743 | D:5      | Reached skill level 7 in Invocations
  6390 | D:6      | Reached skill level 8 in Invocations
  6679 | D:6      | Noticed Grinder
  6736 | D:6      | Found a broken altar of Ashenzari.
  7115 | D:6      | Reached XP level 9. HP: 21/62 MP: 15/15
  7509 | D:7      | Reached skill level 9 in Invocations
  7704 | D:7      | HP: 2/62 [steam dragon/ball of steam (15)]
  7707 | D:7      | Killed from afar by a steam dragon

Illustrated notes

Levels and vault maps discovered:
D:1:      onia_arrival_pentagram, layout_loops_ring
D:2:      layout_loops_corners, chequers_serial_rivers_micro_d, minivault_4,
          kennysheep_pointless_box
D:3:      wander_river, layout_basic, old_standard_altar, tso_metal_star,
          basic_ecumenical_altar, serial_shops, nicolae_shop_peninsula,
          minmay_misc_feat_five
D:4:      layout_basic, temple_doors_e, grunt_ministairs_4
D:5:      minmay_polygon_palace, layout_layer_cave,
          nicolae_overflow_hallway_of_the_gods, nrook_uturn,
          hangedman_decor_opposing
D:6:      layout_loops_cross, mainiacjoe_overflow_alcove_1, uniq_grinder
D:7:      layout_basic, mainiacjoe_overflow_brackets, serial_shops,
          nicolae_shop_back_alley_shop

Skill      XL: |  1  2  3  4  5  6  7  8  9 |
---------------+----------------------------+-----
Invocations    | 1 2 3 4 5 6 8 9 |  9.1
Ranged Weapons | 5 7 |  7.5
Fighting       | |  2.4
Dodging        | |  2.1
Stealth        | |  0.8

Action                     |  1- 3 |  4- 6 |  7- 9 || total
---------------------------+-------+-------+-------++-------
  Melee: Whip              |       |    13 |       ||    13
         Punch             |       |     2 |       ||     2
         Spear             |       |       |    21 ||    21
   Fire: Shortbow          |   125 |   154 |   266 ||   545
Ability: Hop               |     1 |     3 |     6 ||    10
  Evoke: Wand              |       |     4 |     7 ||    11
    Use: Scroll            |     4 |     5 |     2 ||    11
         Potion            |       |       |     6 ||     6
 Armour: Leather armour    |    14 |    22 |    42 ||    78
  Dodge: Dodged            |    79 |    31 |   135 ||   245
